[Event "125-Jahre Werder Bremen 2024"]
[Site "Bremen"]
[Date "2024.03.05"]
[Round "4.5"]
[White "Pajeken, Jakob Leon"]
[Black "Soderstrom, Adrian"]
[Result "1-0"]
[ECO "D12"]
[WhiteElo "2424"]
[BlackElo "2288"]
[Annotator "TA"]
[PlyCount "69"]
[EventDate "2024.02.26"]
[EventType "swiss"]
[EventCountry "GER"]
[SourceTitle "playchess.com"]
[Source "ChessBase"]
[SourceQuality "1"]
[TimeControl "40/6000+30:1800+30"]

1. Nf3 d5 2. d4 Nf6 3. c4 c6 4. e3 Bf5 5. Bd3 Bg6 6. O-O e6 7. Qc2 Nbd7 8. Nbd2 {[%emt 0:00:40] White has an edge.} Be7 9. Rd1 O-O 10. Bxg6 hxg6 11. e4 dxe4 12. Nxe4 c5 13. Nxf6+ Bxf6 14. dxc5 Qc7 15. Bf4 Ne5 ({Better is} 15... Qxf4 $14 16. Rxd7 b6) 16. Qc3 {[%emt 0:21:20] White is more active.} Nxf3+ 17. Qxf3 Be5 (17... Qxc5 $2 18. Bd6 (18. Qxb7 Qxc4 19. g3 g5 $15) 18... Qxc4 19. Bxf8 Rxf8 20. Qxb7) 18. Bxe5 Qxe5 19. b3 Qc7 20. Rd2 ({White should try} 20. b4 $18) 20... Rab8 (20... Rad8 $16 21. Rad1 Rxd2 22. Rxd2 Qxc5) 21. b4 $18 a5 22. a3 Rfd8 23. Rad1 Rxd2 24. Rxd2 axb4 25. axb4 {[%emt 0:00:08][%mdl 4096] Endgame. KQR-KQR} Qe5 (25... Ra8 $142 26. Rd1 Ra4) 26. Rd1 Qb2 27. b5 Qb4 {[%emt 0:05:49] [#]} 28. c6 $1 Qxc4 $2 (28... bxc6 29. Qxc6 Qa4) 29. Qg3 ({Weaker is} 29. cxb7 Qxb5 30. g4 Kf8 $11 (30... Qxb7 $2 {perishes.} 31. Rd8+ Rxd8 32. Qxb7 $18)) 29... Rf8 30. c7 Qc2 31. Qd6 b6 32. h3 Kh7 33. Qxf8 Qxd1+ 34. Kh2 Qd4 35. c8=Q {[%emt 0:00:11] Weighted Error Value: White=0.05 (flawless) /Black=0.63.  Mistake:       	White=1     	Black=4      OK:         	White=8     	Black=5      Best:        	White=2     	---        Strong:       	White=1     	---} ({Not} 35. c8=B Qf4+ 36. Kg1 Qc1+ 37. Kh2 Qf4+ 38. Kh1 Qc1+ 39. Kh2 Qf4+ $11) 1-0

[Event "125-Jahre Werder Bremen 2024"]
[Site "Bremen"]
[Date "2024.03.05"]
[Round "4.6"]
[White "Wiegmann, Sascha"]
[Black "Teclaf, Pawel"]
[Result "0-1"]
[ECO "B42"]
[WhiteElo "2297"]
[BlackElo "2556"]
[Annotator "RC"]
[PlyCount "48"]
[EventDate "2024.02.26"]
[EventType "swiss"]
[EventCountry "GER"]
[SourceTitle "playchess.com"]
[Source "ChessBase"]
[SourceQuality "1"]
[TimeControl "40/6000+30:1800+30"]

1. e4 c5 2. Nf3 e6 3. d4 cxd4 4. Nxd4 a6 5. Bd3 Ne7 6. O-O Nbc6 7. Nb3 g6 8. Nc3 Bg7 9. Bg5 h6 10. Bh4 Ne5 11. f4 g5 12. fxe5 gxh4 13. Nd2 Ng6 14. Nc4 O-O 15. Qe2 b5 16. Ne3 Nxe5 17. Rf2 Bb7 18. Raf1 Qg5 19. Rf4 Ng6 20. Rg4 Qe5 21. g3 h5 22. Rgf4 Nxf4 23. gxf4 Qd4 24. Qf2 f5 0-1

[Event "125-Jahre Werder Bremen 2024"]
[Site "Bremen"]
[Date "2024.03.05"]
[Round "4.7"]
[White "Meins, Gerlef"]
[Black "Breutigam, Martin"]
[Result "1/2-1/2"]
[ECO "B07"]
[WhiteElo "2390"]
[BlackElo "2359"]
[Annotator "TA"]
[PlyCount "84"]
[EventDate "2024.02.26"]
[EventType "swiss"]
[EventCountry "GER"]
[SourceTitle "playchess.com"]
[Source "ChessBase"]
[SourceQuality "1"]
[TimeControl "40/6000+30:1800+30"]

1. d4 d6 2. Nf3 g6 3. e4 Nf6 4. Bd3 Bg7 5. c3 O-O 6. O-O Nc6 7. d5 Nb8 8. c4 Na6 9. Nc3 Nc5 10. Re1 Nxd3 {[%emt 0:04:11] The position is equal.} 11. Qxd3 c6 12. h3 cxd5 13. cxd5 Bd7 14. Be3 Qa5 15. b4 Qxb4 16. Rab1 Qa5 17. Rxb7 Rfb8 18. Reb1 Rxb7 19. Rxb7 Bc8 20. Rb5 (20. Rxe7 $2 {too greedy.} Bf8 21. e5 Bxe7 $19) (20. Rb3 $14 {is superior.}) 20... Ba6 $36 {[%emt 0:05:01][%mdl 2048] Black has the initiative.} 21. Rxa5 Bxd3 {[%emt 0:00:04] This pair of bishops is nice.} 22. Nd4 (22. e5 $11 Nd7 23. e6 Bxc3 24. Ra3) 22... Nxe4 $17 23. Nxe4 Bxd4 24. Bxd4 Bxe4 {[%emt 0:00:17][%mdl 4096] Endgame. KRB-KRB} 25. f3 Bd3 26. Rxa7 Rxa7 27. Bxa7 $15 {[%emt 0:00:04] KB-KB} Bc4 28. a4 Bxd5 29. Kf2 Kf8 30. g4 e5 31. g5 Ke7 32. Bb8 Ke6 33. Kg3 Bb7 34. a5 d5 35. f4 exf4+ 36. Kxf4 d4 37. Be5 ({White should try} 37. h4 $15) 37... Kd5 $17 38. Bf6 {[%emt 0:01:20] [#]} Kc4 $1 39. h4 Kd5 40. Bg7 Ba6 (40... Kc5 $5) 41. Bf6 Bb7 42. Bg7 Ba6 {[%emt 0:00:22] Weighted Error Value: White=0.16 (very precise) /Black=0.10 (very precise) .  Mistake:       	White=3     	Black=1      Inaccurate:     	White=3     	Black=5      OK:         	White=9     	Black=8      Best:        	White=2     	Black=3      Strong:       	---       	Black=1} ({Black should play} 42... Kc5 $17 43. Kg3 Bd5) 1/2-1/2

[Event "125-Jahre Werder Bremen 2024"]
[Site "Bremen"]
[Date "2024.03.05"]
[Round "4.8"]
[White "Hejazipour, Mitra"]
[Black "Kopylov, Daniel"]
[Result "1/2-1/2"]
[ECO "E60"]
[WhiteElo "2356"]
[BlackElo "2346"]
[Annotator "TA"]
[PlyCount "103"]
[EventDate "2024.02.26"]
[EventType "swiss"]
[EventCountry "GER"]
[SourceTitle "playchess.com"]
[Source "ChessBase"]
[SourceQuality "1"]
[TimeControl "40/6000+30:1800+30"]

1. d4 Nf6 2. c4 g6 3. h4 Bg7 4. Nc3 c5 5. d5 d6 6. e4 {[%emt 0:00:52] E60: King's Indian: Unusual lines and Fianchetto Variation without Nc3.} e6 7. Be2 exd5 8. exd5 O-O 9. h5 gxh5 10. Qc2 $146 ({Predecessor:} 10. Bg5 Bf5 11. Rxh5 Re8 12. Qd2 Nbd7 13. Kf1 Ne5 14. Rh4 a6 15. Qf4 Bc2 16. Rh1 {½-½ Kueng,V (2238)-Chronopoulos,A (2251) Champion's League 2021/C2 email}) 10... Re8 11. Bg5 h6 12. Bf4 a6 13. Kf1 Qe7 (13... b5 $14) 14. a4 ({Reject} 14. Bxh5 $6 Nxh5 15. Rxh5 Qf6 $14 (15... Bg4 16. Rh1 $11)) 14... Nbd7 15. Nf3 Nf8 16. Bd3 Bg4 17. Qd2 (17. Nd2 $16) 17... Ng6 $11 18. Bxh6 Bxf3 (18... Bxh6 $14 19. Qxh6 Qf8 20. Qxf8+ Kxf8) 19. gxf3 $16 Qe5 20. Ne2 h4 21. Rg1 Nh5 22. Bxg7 (22. Bxg6 {simplifies} fxg6 23. Rxg6 Qxe2+ 24. Qxe2 Rxe2 25. Kxe2 Kh7 26. Rxg7+ Nxg7 27. Bd2) 22... Qxg7 23. f4 (23. Rg4 $16) 23... Rxe2 $14 24. Bxe2 Nhxf4 25. Qc3 Re8 26. Qxg7+ Kxg7 27. Bf3 Kf6 28. b3 Ne5 29. Re1 Rh8 30. Be4 h3 31. Re3 ({White should try} 31. a5 $11) 31... Rh4 (31... b5 $1 $15 32. cxb5 axb5 33. axb5 Rb8) 32. Rg8 $11 Ng4 (32... h2 $5 33. Bh1 $8 Nh5 $11) 33. Rg3 Ne5 34. Bh1 h2 35. Rd8 Nh5 36. Rxd6+ Ke7 37. Rb6 Nxg3+ 38. fxg3 Rd4 $1 39. Rxb7+ Kf8 40. Kg2 Ng4 41. Kf3 $1 Ne5+ 42. Kg2 Rd2+ 43. Kh3 f5 44. b4 cxb4 45. Rxb4 Ng4 46. Rb1 Rc2 47. d6 Ke8 48. Rf1 Nf2+ 49. Kxh2 Ne4+ 50. Kh3 Nxd6 51. Bd5 a5 52. Kh4 1/2-1/2

[Event "125-Jahre Werder Bremen 2024"]
[Site "Bremen"]
[Date "2024.03.05"]
[Round "4.9"]
[White "Pruijssers, Roeland"]
[Black "Reuker, Jari"]
[Result "0-1"]
[ECO "C02"]
[WhiteElo "2537"]
[BlackElo "2383"]
[Annotator "TA"]
[PlyCount "56"]
[EventDate "2024.02.26"]
[EventType "swiss"]
[EventCountry "GER"]
[SourceTitle "playchess.com"]
[Source "ChessBase"]
[SourceQuality "1"]
[TimeControl "40/6000+30:1800+30"]

1. e4 e6 2. d4 d5 3. e5 c5 4. c3 Nc6 5. Nf3 Qb6 6. Na3 cxd4 7. cxd4 Bb4+ 8. Bd2 a6 {[%emt 0:00:14] Prevents Nb5} 9. Bd3 Nxd4 {[%emt 0:19:42] Black is slightly better.} 10. Nxd4 Qxd4 11. Qa4+ Bd7 12. Qxb4 Qxd3 13. Rc1 Bc6 (13... Rc8 $15 14. Rc3 Rxc3 15. Bxc3 b5) 14. Rc3 (14. Rxc6 {is interesting.} bxc6 15. Qb7 Rd8 16. Bb4) 14... Qe4+ 15. Qxe4 dxe4 16. Nc4 Ne7 17. Nd6+ Kf8 18. Nxb7 {[%emt 0:11:40] White does not recover from this.} e3 $1 $19 (18... Bxb7 19. Rc7 Bd5 20. Bb4 $17) 19. fxe3 Bxb7 ({Much less strong is} 19... Bxg2 20. Rg1 Bxb7 21. Rc7 $15) 20. Rc7 Bxg2 21. Rg1 Nd5 $1 22. Rc4 {[%emt 0:00:02] [#]} Bf3 23. Rg3 Nb6 24. Rb4 {[%emt 0:00:07] [#]} Nd7 $1 {[%emt 0:01:08] Threatens to win with ...Bc6.} 25. Rd4 $2 (25. Rxf3 Nxe5 26. Rg3) 25... Bc6 26. Bb4+ Kg8 27. Bd6 h5 28. e4 Nf8 {[%emt 0:03:30] Weighted Error Value: White=0.31/Black=0.03 (flawless) .  Mistake:       	White=2     	Black=1      Inaccurate:     	White=2     	---        OK:         	White=10    	Black=11     Best:        	White=4     	Black=3      Strong:       	---       	Black=3} 0-1

[Event "125-Jahre Werder Bremen 2024"]
[Site "Bremen"]
[Date "2024.03.05"]
[Round "4.10"]
[White "Krastev, Alexander"]
[Black "Colbow, Collin"]
[Result "1/2-1/2"]
[ECO "B52"]
[WhiteElo "2457"]
[BlackElo "2373"]
[Annotator "RC"]
[PlyCount "48"]
[EventDate "2024.02.26"]
[EventType "swiss"]
[EventCountry "GER"]
[SourceTitle "playchess.com"]
[Source "ChessBase"]
[SourceQuality "1"]
[TimeControl "40/6000+30:1800+30"]

1. e4 c5 2. Nf3 d6 3. Bb5+ Bd7 4. Bxd7+ Qxd7 5. c4 Nc6 6. d4 cxd4 7. Nxd4 Nf6 8. Nc3 g6 9. f3 Bg7 10. Be3 O-O 11. O-O e6 12. Qd2 Rfd8 13. Rfd1 d5 14. Qf2 Qe7 15. cxd5 exd5 16. Nxc6 bxc6 17. exd5 Nxd5 18. Nxd5 Rxd5 19. Rxd5 cxd5 20. Bd4 Bxd4 21. Qxd4 Rc8 22. Qf2 Qg5 23. Rd1 Rc1 24. Qe2 d4 1/2-1/2

[Event "125-Jahre Werder Bremen 2024"]
[Site "Bremen"]
[Date "2024.03.05"]
[Round "4.11"]
[White "Kopylov, Michael"]
[Black "Knaak, Rainer"]
[Result "1/2-1/2"]
[ECO "E04"]
[WhiteElo "2352"]
[BlackElo "2450"]
[Annotator "TA"]
[PlyCount "41"]
[EventDate "2024.02.26"]
[EventType "swiss"]
[EventCountry "GER"]
[SourceTitle "playchess.com"]
[Source "ChessBase"]
[SourceQuality "1"]
[TimeControl "40/6000+30:1800+30"]

1. d4 d5 2. c4 e6 3. Nf3 Nf6 4. g3 dxc4 5. Bg2 Bb4+ 6. Bd2 a5 7. O-O {[%emt 0:03:44][%mdl 1024] White has compensation.} O-O 8. Bg5 $1 c6 9. Ne5 b5 10. a4 {[%emt 0:06:49] [#] Black must now prevent axb5.} Ra6 11. Nc3 Rb6 12. e4 h6 13. Be3 Nbd7 14. f4 Nxe5 15. fxe5 Nd7 16. Qh5 (16. axb5 $11 cxb5 17. Qh5) 16... Be7 (16... c5 $1 $15 17. d5 Bxc3 18. bxc3 b4 19. cxb4 cxb4 (19... Rxb4 20. dxe6 fxe6 21. Bxh6 $11) (19... axb4 $2 20. Bh3 $19)) 17. axb5 $11 cxb5 18. h4 b4 19. Na4 {[%emt 0:00:52] [#] Bxh6 is the strong threat.} Rb5 20. Rf4 {[%emt 0:05:37] And now Bf1 would win.} f6 $1 21. Bf1 {[%emt 0:20:44] A rather calm draw.   Weighted Error Value: White=0.12 (very precise) /Black=0.10 (very precise) .  Mistake:       	White=2     	Black=1      Inaccurate:     	White=2     	Black=1      OK:         	White=6     	Black=6      Best:        	White=1     	---        Strong:       	White=1     	Black=1} (21. Bh3 $11 Kh8 (21... fxe5 22. Bxe6+ Kh8 23. Rxf8+ Bxf8 24. Bxc4 $16) 22. Bxe6 Nxe5 23. Bxc8 Qxc8 24. Rf5 (24. dxe5 Qc7 $16)) 1/2-1/2

[Event "125-Jahre Werder Bremen 2024"]
[Site "Bremen"]
[Date "2024.03.05"]
[Round "4.12"]
[White "Radeva, Viktoria"]
[Black "Guichard, Pauline"]
[Result "1/2-1/2"]
[ECO "C24"]
[WhiteElo "2325"]
[BlackElo "2385"]
[Annotator "TA"]
[PlyCount "79"]
[EventDate "2024.02.26"]
[EventType "swiss"]
[EventCountry "GER"]
[SourceTitle "playchess.com"]
[Source "ChessBase"]
[SourceQuality "1"]
[TimeControl "40/6000+30:1800+30"]

1. e4 e5 2. Nf3 Nc6 3. Bc4 Nf6 4. d3 d5 5. exd5 Nxd5 6. O-O Be7 7. Re1 f6 8. d4 Nb6 9. Bb5 O-O {[%emt 0:00:48] White has an edge.} 10. Bxc6 bxc6 11. dxe5 Qxd1 12. Rxd1 Bg4 13. Nbd2 fxe5 14. Re1 Bf6 (14... Rae8 $11) 15. Nxe5 Rae8 16. f4 Nd5 17. Ndc4 Nb4 ({Black should try} 17... Be6 $14) 18. Ne3 {[%emt 0:25:36] A dynamic duo of knights.} (18. Bd2 $16 Bxe5 19. Nxe5 (19. Bxb4 Bd4+ 20. Kh1 c5 $11) (19. Rxe5 Nxc2 20. Rc1 Nd4 $16) 19... Nxc2 20. Nxg4 Nxa1 21. Rxa1) 18... Bc8 19. Bd2 Nd5 20. Nxd5 ({Much weaker is} 20. Nxc6 Nxf4 21. Bb4 Rf7 $17) 20... cxd5 21. Bb4 Bxe5 $1 22. Rxe5 Rxe5 23. fxe5 $14 {[%emt 0:00:03][%mdl 4096] Endgame. KRB-KRB} Rf4 24. c3 Bf5 25. Rf1 Rxf1+ 26. Kxf1 {[%emt 0:00:05] KB-KB} Bb1 27. a3 Kf7 28. Bc5 a5 29. Kf2 Ke6 30. Ke3 a4 31. Kd4 Ba2 32. Bf8 g6 33. Bg7 Bb3 34. Kc5 Kd7 $1 35. Bh6 Ke6 36. Bf4 Kd7 37. Kb5 Bc2 38. Kc5 Bb3 39. Kb5 Bc2 $1 40. Kc5 {[%emt 0:00:04] Weighted Error Value: White=0.12 (very precise) /Black=0.10 (very precise) .  Mistake:       	White=2     	Black=2      Inaccurate:     	White=2     	Black=1      OK:         	White=13    	Black=13     Best:        	---       	Black=1      Strong:       	---       	Black=3} (40. Kb4 $14) 1/2-1/2

[Event "125-Jahre Werder Bremen 2024"]
[Site "Bremen"]
[Date "2024.03.06"]
[Round "5.1"]
[White "Aditya Mittal"]
[Black "Efimenko, Zahar"]
[Result "1-0"]
[ECO "C88"]
[WhiteElo "2594"]
[BlackElo "2568"]
[Annotator "TA"]
[PlyCount "83"]
[EventDate "2024.02.26"]
[EventType "swiss"]
[EventCountry "GER"]
[SourceTitle "playchess.com"]
[Source "ChessBase"]
[SourceQuality "1"]
[TimeControl "40/6000+30:1800+30"]

1. e4 e5 2. Nf3 Nc6 3. Bb5 a6 4. Ba4 Nf6 5. O-O Be7 6. Re1 b5 7. Bb3 O-O 8. h3 Bb7 9. d3 d6 10. a3 Nb8 11. Nbd2 {[%emt 0:01:49] C88: Closed Ruy Lopez: Anti-Marshall Systems.} Nbd7 12. Nf1 Nc5 13. Ba2 Ne6 14. g4 $1 $146 {[%emt 0:15:11][%mdl 8] A relevant novelty.} (14. Ng3 $11) ({Predecessor:} 14. Ng3 Re8 15. Ng5 Bc8 16. Qf3 h6 17. Nxe6 Bxe6 18. Nf5 Bf8 19. g4 Bxa2 20. Rxa2 {½-½ Shankland,S (2731)-Wojtaszek,R (2722) Prague Masters 1st 2019 (7.4)}) 14... Re8 15. Ng3 g6 16. Be3 c5 17. c3 Rc8 18. g5 Nd7 19. h4 c4 20. d4 (20. dxc4 $11 bxc4 21. Nd2) 20... d5 ({Black should play} 20... Nf4 $17 {...Nd3 is the strong threat.} 21. Bb1 f6) 21. Nxe5 dxe4 22. Ng4 Bf8 {[%emt 0:08:17] ...h5 would now be deadly.} 23. d5 ({Better is} 23. Bb1 $1 $11 h5 24. Nh2) 23... Nc7 $1 $15 24. Bb1 (24. d6 Nd5 25. Bb1 h5 26. Bxe4 Nxe3 27. Rxe3 Bxe4 28. Nxe4 hxg4 29. Qxg4 Ne5 $17) 24... Bxd5 (24... Nxd5 $6 25. Bxe4 h5 26. Bxd5 $14) (24... h5 $1 $17 25. Nh6+ Bxh6 26. gxh6 Nxd5 (26... Bxd5 27. Bg5 $15) (26... Qxh4 27. Qd4 $15) 27. Bxe4 Ne5) 25. Bxe4 $11 Bxe4 26. Qxd7 $1 Nd5 {[%emt 0:03:51] Repels Nf6+} (26... Qxd7 $11 27. Nf6+ Kh8 28. Nxd7 Bc6 29. Bd4+ Bg7) 27. Qxd8 $1 $16 Rcxd8 {[%emt 0:00:15] [#]} 28. Bb6 $1 Nxb6 29. Nf6+ (29. Nxe4 Kg7 $16) 29... Kh8 {[%emt 0:00:06][%cal Oe4c6] Hoping for ...Bc6!} 30. Nxe8 ({Much less strong is} 30. Ngxe4 $6 Re6 $14) ({Weaker is} 30. Rxe4 Rxe4 31. Ngxe4 Na4 $15) 30... Bd3 (30... Bf3 $16 31. Nf6 Na4) 31. Nf6 Na4 32. Re5 h5 $2 (32... Nc5 33. Rae1 Ne6) 33. Rae1 $18 Nxb2 (33... Kg7 $142 34. Ngxh5+ (34. Re8 Rxe8 35. Rxe8 Nxb2 $18) 34... gxh5) 34. Re8 $18 Rxe8 35. Rxe8 Kg7 36. f4 Na4 {[%emt 0:01:47] [#]} 37. f5 $1 Nxc3 {[%emt 0:05:07] [#]} (37... Bxf5 38. Nxf5+) 38. Ngxh5+ $1 gxh5 39. Nxh5+ Kg8 40. Nf6+ Kg7 {[%emt 0:00:03] [#]} 41. h5 $1 {[%emt 0:32:17] White wants to mate with h6+.} Ne2+ 42. Kf2 1-0

[Event "125-Jahre Werder Bremen 2024"]
[Site "Bremen"]
[Date "2024.03.06"]
[Round "5.2"]
[White "Wachinger, Nikolas"]
[Black "Cheng, Bobby"]
[Result "0-1"]
[ECO "B11"]
[WhiteElo "2442"]
[BlackElo "2584"]
[Annotator "TA"]
[PlyCount "94"]
[EventDate "2024.02.26"]
[EventType "swiss"]
[EventCountry "GER"]
[SourceTitle "playchess.com"]
[Source "ChessBase"]
[SourceQuality "1"]
[TimeControl "40/6000+30:1800+30"]

1. e4 c6 2. Nf3 d5 3. Nc3 Bg4 4. h3 Bxf3 5. Qxf3 e6 6. Be2 d4 {[%emt 0:00:58] B11: Caro-Kann (Zweispringer-Variante).} 7. Nb1 Ne7 8. Qg3 $146 ({Predecessor:} 8. d3 h5 9. h4 Ng6 10. g3 Bb4+ 11. Kf1 Nd7 12. Qg2 Nge5 13. a3 Ba5 14. f4 {0-1 Bacrot,E (2683)-Keymer,V (2743) Chessable Masters Play In rapid 2024 (2)}) 8... Ng6 9. f4 Bd6 10. d3 O-O 11. O-O f5 12. e5 Bc5 13. Nd2 a5 14. a4 Na6 15. Kh2 Nb4 16. c3 Nc2 17. Rb1 Ne3 18. Rf3 Qb6 {[%emt 0:02:07] [#]} 19. b4 (19. Ra1 $1 $11) 19... axb4 $15 20. cxb4 Bxb4 21. a5 $2 ({Vorzuziehen ist} 21. Rxe3 $1 $15 dxe3 22. Nc4) 21... Qxa5 $19 (21... Rxa5 22. Rxe3 dxe3 23. Nc4 $17) 22. Nb3 Qa2 23. Rb2 Qa7 24. Bxe3 dxe3 25. Bd1 (25. Rf1 $17) 25... Bc3 26. Re2 Qb6 27. Rfxe3 Rfd8 28. h4 Qb4 29. Rf3 Ne7 30. h5 Rd7 31. Qf2 (31. d4 $142 Nd5 (31... Bxd4 32. Nxd4 Rxd4 33. Rb3 $17) 32. h6) 31... Rad8 32. Bc2 Bd4 33. Nxd4 Rxd4 34. Qh4 (34. Re1 $17 {ist wohl besser.}) 34... Kf7 35. h6 (35. Re1 $142) 35... Ng6 $19 36. Qg5 Qe7 (36... Nxf4 $2 37. Re4 (37. Qxg7+ Ke8 $16) (37. Rxf4 Rxf4 38. Qxd8 Rh4+ 39. Kg1 Qf4 $11) 37... Ng6 (37... fxe4 38. Qxf4+ Kg6 39. Rg3+ Kh5 40. Qg5#) 38. Qxd8 Rxd8 39. Rxb4 $18) 37. Qxe7+ Kxe7 38. hxg7 Nxf4 ({Finger weg von} 38... Rxf4 39. Rxf4 Nxf4 40. Rf2 $19) 39. Ref2 Ng6 (39... Nxd3 $2 {ist das falsche Schlagen.} 40. Rxd3 Rh4+ 41. Kg1 $18) 40. Rh3 Rg8 41. Rxh7 Nxe5 42. Re2 Ng4+ ({Minderwertig wäre} 42... Nxd3 43. Rd2 $16) 43. Kg1 Nf6 44. Rh8 Rxg7 45. Rb8 Rb4 46. Kf1 Nd5 47. Ra8 Rb2 0-1

[Event "125-Jahre Werder Bremen 2024"]
[Site "Bremen"]
[Date "2024.03.06"]
[Round "5.3"]
[White "Teclaf, Pawel"]
[Black "Gumularz, Szymon"]
[Result "1/2-1/2"]
[ECO "E05"]
[WhiteElo "2556"]
[BlackElo "2590"]
[Annotator "TA"]
[PlyCount "40"]
[EventDate "2024.02.26"]
[EventType "swiss"]
[EventCountry "GER"]
[SourceTitle "playchess.com"]
[Source "ChessBase"]
[SourceQuality "1"]
[TimeControl "40/6000+30:1800+30"]

1. d4 Nf6 2. c4 e6 3. g3 d5 4. Nf3 Be7 5. Bg2 O-O 6. O-O dxc4 7. Qa4 a6 8. Qxc4 b5 9. Qc2 Bb7 10. Bd2 Be4 11. Qc1 Bb7 12. Qc2 Be4 13. Qc1 Bb7 14. Qc2 Be4 15. Qc1 Bb7 16. Qc2 Be4 17. Qc1 Bb7 18. Qc2 Be4 {[%emt 0:00:03] The position is equal.} 19. Qc1 Bb7 20. Qc2 Be4 {[%emt 0:00:04] A rather calm draw.   Weighted Error Value: White=0.08 (flawless) /Black=0.00 (flawless) .  OK:         	---       	Black=2} 1/2-1/2

[Event "125-Jahre Werder Bremen 2024"]
[Site "Bremen"]
[Date "2024.03.06"]
[Round "5.4"]
[White "Gloeckler, Christian"]
[Black "Pajeken, Jakob Leon"]
[Result "1/2-1/2"]
[ECO "B90"]
[WhiteElo "2356"]
[BlackElo "2424"]
[Annotator "TA"]
[PlyCount "42"]
[EventDate "2024.02.26"]
[EventType "swiss"]
[EventCountry "GER"]
[SourceTitle "playchess.com"]
[Source "ChessBase"]
[SourceQuality "1"]
[TimeControl "40/6000+30:1800+30"]

1. e4 c5 2. Nf3 d6 3. d4 cxd4 4. Nxd4 Nf6 5. Nc3 a6 6. h3 e5 7. Nde2 h5 8. g3 Nbd7 9. a4 b6 {[%emt 0:00:10] White has an edge.} 10. Bg2 Bb7 11. Be3 Be7 12. O-O O-O 13. Nd5 Nxd5 14. exd5 h4 15. g4 Bg5 16. Nc3 Bxe3 17. fxe3 Nf6 18. Qd3 Rc8 19. Rf5 {[%emt 0:01:55] White is slightly better.} g6 20. Rf2 Nh7 21. Raf1 {[%emt 0:05:55] White is more active.} Ng5 {[%emt 0:00:29] Weighted Error Value: White=0.08 (flawless) /Black=0.07 (flawless) .  Mistake:       	---       	Black=1      Inaccurate:     	White=3     	Black=2      OK:         	White=7     	Black=8} ({Black should try} 21... Rc7 $14) 1/2-1/2

[Event "125-Jahre Werder Bremen 2024"]
[Site "Bremen"]
[Date "2024.03.06"]
[Round "5.5"]
[White "Plat, Vojtech"]
[Black "Hejazipour, Mitra"]
[Result "1-0"]
[ECO "B50"]
[WhiteElo "2528"]
[BlackElo "2356"]
[Annotator "TA"]
[PlyCount "87"]
[EventDate "2024.02.26"]
[EventType "swiss"]
[EventCountry "GER"]
[SourceTitle "playchess.com"]
[Source "ChessBase"]
[SourceQuality "1"]
[TimeControl "40/6000+30:1800+30"]

1. e4 c5 2. Nf3 d6 3. c3 Nf6 4. Be2 g6 5. O-O Bg7 6. Bb5+ Nc6 7. d4 O-O (7... Nxe4 $6 8. d5 $16) 8. d5 a6 9. Bd3 {[%emt 0:00:31] The position is equal.} (9. Bxc6 bxc6 10. dxc6 Nxe4 $17) 9... Na5 10. Nbd2 b5 11. Re1 e6 12. dxe6 Bxe6 13. a4 Qb6 14. h3 Rfe8 15. axb5 axb5 16. Bc2 Nc6 17. Rxa8 Rxa8 18. Nf1 d5 19. Ng5 ({White should try} 19. exd5 $11 Bxd5 20. Bg5) 19... d4 $15 20. Nxe6 fxe6 21. cxd4 cxd4 (21... Nxd4 $15 22. Be3 Nd7) 22. Bb3 $11 Na5 23. Bc2 Nd7 24. Kh1 e5 (24... Nc4 $5) 25. Ne3 Nf6 26. Nd5 Nxd5 27. exd5 Nc4 28. b3 Nd6 29. Qg4 Qc7 30. Bb1 Qc3 31. Qe6+ Nf7 32. Rg1 Qc8 ({Much weaker is} 32... Qxb3 33. Be4 $11) (32... d3 $15 {might be stronger.} 33. Be3 Qxb3) 33. Be4 {[%emt 0:00:48] Black is weak on the light squares} Qf8 34. Bd2 Ra2 $2 {[%emt 0:02:10][%mdl 8192] [#] This move loses the game for Black.} (34... Re8 $11 {and Black is okay.} 35. Qd7 Rd8) 35. Bg5 $1 $18 {[%emt 0:05:19] This pair of bishops is nice.} Ra6 (35... Bh6 {was necessary.} 36. Be7 Qe8) 36. Qxa6 Nxg5 37. f3 Nxe4 (37... Qf6 $142 38. Ra1 (38. Qxb5 Bf8 $18) 38... Qxa6 39. Rxa6 Nxe4) 38. fxe4 {[%emt 0:00:23][%mdl 4096] Endgame. KQR-KQB} d3 39. Qe6+ Kh8 40. d6 {[%emt 0:00:05] [#] White threatens d7 and mate.} d2 41. d7 {[%emt 0:30:21] White wants to mate with Qe8.} Bf6 42. Qe8 Kg7 43. Qxf8+ Kxf8 44. Rd1 {[%emt 0:00:06] Weighted Error Value: White=0.24 (precise) /Black=0.37.  Loses game:     	---       	Black=1      Mistake:       	White=1     	Black=4      Inaccurate:     	White=3     	Black=1      OK:         	White=16    	Black=14     Best:        	White=1     	Black=1      Strong:       	White=1     	---} 1-0